 Dungeon Crawl Stone Soup version 0.29-a0-234-g0dae59b3db (webtiles) character file.

Game seed: 9162319766918897334

38 Aksej the Ducker (level 3, -2/28 HPs)
             Began as a Demonspawn Gladiator on Mar 3, 2022.
             Slain by Terence
             ... wielding a +0 trident
              (9 damage)
             ... on level 2 of the Dungeon.
             The game lasted 00:00:52 (401 turns).

Aksej the Ducker (Demonspawn Gladiator)              Turns: 401, Time: 00:00:52

Health: -2/28      AC:  6    Str: 16    XL:     3   Next: 25%
Magic:  3/3        EV: 12    Int:  9    God:
Gold:   0          SH:  0    Dex: 14    Spells: 2/2 levels left

rFire   . . .      SeeInvis .   a - +0 quarterstaff
rCold   . . .      Faith    .   (shield currently unavailable)
rNeg    . . .      Spirit   .   b - +0 leather armour
rPois   .          Reflect  .   c - +0 helmet
rElec   .          Harm     .   (no cloak)
rCorr   .          Rampage  .   (no gloves)
Will    .....                   (no boots)
Stlth   +.........              (no amulet)
HPRegen 0.09/turn               (no ring)
MPRegen 0.08/turn               (no ring)

@: lethally poisoned (-2 -> -4)
A: thin metallic scales 1
a: no special abilities


You were on level 2 of the Dungeon.
You visited 1 branch of the dungeon, and saw 2 of its levels.

Inventory:

Hand Weapons
 a - a +0 quarterstaff (weapon)
Missiles
 d - 3 throwing nets (quivered)
Armour
 b - a +0 leather armour (worn)
 c - a +0 helmet (worn)
Jewellery
 e - a ring of resist corrosion
Potions
 f - a potion of flight {unknown}


   Skills:
 * Level 2.3 Fighting
 + Level 3.1 Staves
 + Level 1.9 Throwing
 + Level 0.1 Armour
 + Level 3.2 Dodging


You had 2 spell levels left.
You didn't know any spells.
Your spell library contained the following spells:

 Spells                   Type           Power      Damage    Failure   Level
 Animate Skeleton         Necr           0%         N/A       45%         1
 Apportation              Tloc           0%         N/A       45%         1
 Summon Small Mammal      Summ           0%         N/A       45%         1


Dungeon Overview and Level Annotations

Branches:
Dungeon (2/15)

Altars:

Annotations:
D:2 Terence


Innate Abilities, Weirdness & Mutations

You are partially covered in thin metallic scales. (AC +2)


Message History

No target in view!
Terence the Incautious comes into view.
He is wielding a +0 trident.
A hobgoblin comes into view.
The hobgoblin shouts!
An adder comes into view.
Terence hits you but does no damage.
You hit Terence.
Terence is lightly wounded.
Terence says, "Time to say good-bye..."
Terence closely misses you.
You hit Terence.
Terence is heavily wounded.
The hobgoblin hits you but does no damage.
Terence completely misses you.
You hit Terence.
Terence is heavily wounded.
Terence hits you but does no damage. The hobgoblin hits you.
You hit Terence.
Terence is severely wounded.
Terence barely misses you.
The hobgoblin hits you but does no damage.
The adder bites you.
You are poisoned.
The adder poisons you! Terence hits you with a +0 trident!
The hobgoblin hits you but does no damage.
You are too injured to fight recklessly!
You are too injured to fight recklessly!
You are too injured to fight recklessly!
You are too injured to fight recklessly!
Unknown command.
You closely miss Terence.
Terence is severely wounded.
You feel sick. The adder misses you. The hobgoblin barely misses you.
Terence hits you with a +0 trident.
* * * LOW HITPOINT WARNING * * *
You barely miss Terence.
Terence is severely wounded.
You feel sick. The adder closely misses you. The adder barely misses you.
The hobgoblin closely misses you. Terence hits you with a +0 trident!
You die...

##### .....# #...#
#.#..# #...# ####.#..#
#...# ......... #...#
........###########...#
.....#..#....<#.......##
......g.................
......@@..............##
......S.......#.........
..............#.........
.##...........#.........
#..#################..
#.. #.. #. ######.. #.
.#..#.#.. #........


You could see Terence, an adder and a hobgoblin.

Vanquished Creatures
  Jessica (D:2)
  An adder (D:2)
  A ball python (D:2)
  A giant cockroach (D:1)
  A rat (D:2)
5 creatures vanquished.

Notes
Turn   | Place    | Note
-------+----------+-------------------------------------------
     0 | D:1      | Aksej the Demonspawn Gladiator began the quest for the Orb.
     0 | D:1      | Reached XP level 1. HP: 16/16 MP: 1/1
    76 | D:2      | Noticed Jessica
    86 | D:2      | Killed Jessica
    87 | D:2      | Gained mutation: You are partially covered in thin metallic
                  | scales. (AC +2) [demonic ancestry]
    87 | D:2      | Reached XP level 2. HP: 15/23 MP: 2/2
    87 | D:2      | Reached XP level 3. HP: 19/28 MP: 3/3
   391 | D:2      | Noticed Terence
   401 | D:2      | Slain by Terence

Illustrated notes

Levels and vault maps discovered:
D:1:      nagdon_arrival_double_spiral, layout_rooms,
          shapermc_ecumenical_altar_notcrosses
D:2:      layout_basic, uniq_crazy_yiuf_cottage, uniq_terence, uniq_jessica

Skill      XL: |  1 |
---------------+----+-----
Staves         | 3 |  3.1
Dodging        | 3 |  3.2
Fighting       | |  2.3
Throwing       | |  1.9
Armour         | |  0.1

Action                   || total
-------------------------++-------
Melee: Quarterstaff      ||    26
Armor: Leather armour    ||    11
Dodge: Dodged            ||    18

Table legend: (Time is in decaauts)
 A = Elapsed time spent in this place.
 B = Non-inter-level travel time spent in this place.
 C = Inter-level travel time spent in this place.
 D = Time resting spent in this place.
 E = Time spent auto-exploring this place.
 F = Levels seen in this place.
 G = Mean time per level.
                   A        B        C        D        E       F      G
               +--------+--------+--------+--------+--------+-----+--------+
         Total |    437 |    437 |      0 |      0 |    380 |   2 |  218.5 |
       Dungeon |    437 |    437 |      0 |      0 |    380 |   2 |  218.5 |
               +--------+--------+--------+--------+--------+-----+--------+

Top non-repeatable levels by time:
     D:2: 327 daAuts
     D:1: 110 daAuts
